 Dungeon Crawl Stone Soup version 0.24-a0-408-gcc1054c7ca (webtiles) character file.

Game seed: 6316583830792315965

199 Amnesiac the Changer (level 5, -1/33 HPs)
             Began as an Octopode Transmuter on June 5, 2019.
             Killed by nerve-wracking pain
             ... invoked by an orc priest
              (11 damage)
             ... on level 3 of the Dungeon.
             The game lasted 00:05:31 (1553 turns).

Amnesiac the Changer (Octopode Transmuter)          Turns: 1553, Time: 00:05:32

Health: -1/33      AC:  1    Str:  9    XL:     5   Next: 77%
Magic:  8/8        EV: 13    Int: 16    God:
Gold:   58         SH:  0    Dex: 13    Spells: 2/8 levels left

rFire    . . .     SeeInvis .   a - +2 hand axe (elec)
rCold    . . .     Gourm    .   (no shield)
rNeg     . . .     Faith    .   (helmet restricted)
rPois    +         Spirit   .   (no amulet)
rElec    .         Reflect  .   k - ring of poison resistance
rCorr    .         Harm     .   (no ring)
MR       .....                  (no ring)
Stlth    ++........             (no ring)
HPRegen  0.11/turn              (no ring)
MPRegen  0.11/turn              (no ring)
                                (no ring)
                                (no ring)

@: very slightly contaminated
A: almost no armour, stealthy swim, amphibious, 8 rings, constrict 8, camouflage
1, gelatinous body 1
a: no special abilities


You were on level 3 of the Dungeon.
You were not hungry.

You visited 1 branch of the dungeon, and saw 3 of its levels.

You collected 58 gold pieces.

Inventory:

Hand Weapons
 a - a +2 hand axe of electrocution (weapon)
 b - a +0 shortbow
Missiles
 d - 64 arrows
Jewellery
 k - a ring of poison resistance (left tentacle)
Scrolls
 e - a scroll of amnesia {!r, unknown}
 g - a scroll of fog {!r}
 h - a scroll of blinking {!r}
 j - 2 scrolls of identify {!r, unknown}
 l - 3 scrolls of remove curse {!r}
Comestibles
 c - 6 rations
 m - 3 chunks of flesh


   Skills:
 - Level 1.0 Fighting
 - Level 2.0 Dodging
 + Level 4.6 Unarmed Combat
 - Level 2.0 Spellcasting
 + Level 4.6 Transmutations


You had 2 spell levels left.
You knew the following spells:

 Your Spells              Type           Power        Failure   Level  Hunger
a - Beastly Appendage     Tmut           ###...       3%          1    #......
b - Sticks to Snakes      Tmut           ###.....     4%          2    ###....
c - Spider Form           Tmut/Pois      #.........   24%         3    ###....

Your spell library contained the following spells:

 Spells                   Type           Power        Failure   Level  Hunger
 Ice Form                 Ice/Tmut       #.......     63%         4    #####..
 Blade Hands              Tmut           ###.......   65%         5    ######.


Dungeon Overview and Level Annotations

Branches:
Dungeon (3/15)

Altars:
Okawaru
Ru
Uskayaw


Innate Abilities, Weirdness & Mutations

You cannot wear most types of armour.
You are very stealthy in the water. (Stealth+)
You are amphibious.
You can wear up to eight rings at the same time.
You can use your tentacles to constrict eight enemies at once.
Your skin changes colour to match your surroundings (Stealth+).
Your rubbery body absorbs attacks. (AC +1, EV +1)


Message History

The adder hisses angrily.
Unknown command.
Adjust (i)tems, (s)pells, or (a)bilities?
Huh?
Unknown command.
Adjust (i)tems, (s)pells, or (a)bilities?
Adjust which item? (? for menu, Esc to quit)
Okay, then.
Adjust (i)tems, (s)pells, or (a)bilities?
Adjust which item? (? for menu, Esc to quit)
f - a +2 hand axe of electrocution Adjust to which letter? (? for menu, Esc to quit)
a - a +2 hand axe of electrocution;
f - a +4 mace You hear the crackle of electricity.
a - a +2 hand axe of electrocution (weapon)
The adder bites you.
You miss the adder. You squeeze the adder!
The adder is almost dead.
The adder bites you. The adder closely misses you.
You hit the adder.
You kill the adder!
No target in view!
d - 63 arrows (gained 1)
d - 64 arrows (gained 1);
m - 4 chunks of flesh
Things that are here:
a +0 leather armour; an orc skeleton Eating one of 4 chunks of flesh.
You eat one of the 4 chunks of flesh.
This raw flesh tastes terrible.
Found a stone staircase leading down.
Drop what? 13/52 slots (_ for help) (? for menu, Esc to quit)
You drop a +4 mace.
An orc comes into view. It is wielding a +0 hand axe.
An orc wizard comes into view. It is wielding a +0 dagger.
The orc wizard shouts!
The orc shouts!
An orc priest comes into view. It is wielding a +0 whip.
The orc wizard points at you and mumbles some strange words.
The magic dart hits you.
You closely miss the orc.
The orc priest shouts!
The orc barely misses you.
The orc priest invokes the aid of Beogh against you.
Beogh smites you!
* * * LOW HITPOINT WARNING * * *
You hear a shout!
Really quaff
i - a brown potion {!q}?
It was a potion of curing {!q}.
You feel better. The orc hits you with a +0 hand axe.
You slash the orc wizard!
Lightning courses through the orc wizard!
You kill the orc wizard!
You hit the orc. The orc hits you with a +0 hand axe.
The orc hits you with a +0 hand axe!
* * * LOW HITPOINT WARNING * * *
The orc priest calls upon Beogh to heal the orc.
The orc's wounds heal themselves!
An orc wizard comes into view. It is wielding a +0 dagger.
Really read
h - 2 scrolls of blinking {!r}?
Blink to where?
Press: ? - help, Dir - move target cursor You are very lightly contaminated with residual magic.
As you read the scroll of blinking {!r}, it crumbles to dust.
The orc priest calls down the wrath of Beogh upon you.
Pain shoots through your body!
You die...

.#.######.......# #.#
.#.#............# #.#
...#.####.......#####.#
...#..................#
#.##..###.......#######
....[.#################
..........[...)......>#
....#.##.....###.######
....#.#......#
#@#########
..#.#.#......#
#...§o....# ..#
#.#......+......o.....#
.
..##.....##########o#.#
.###.....# # .. .
......# .# #.


You could see an orc priest, an orc wizard and an orc.

Vanquished Creatures
  An orc wizard (D:3)
  An adder (D:3)
  A gnoll (D:1)
  An ooze (D:1)
  3 leopard geckos
  An orc (D:3)
  7 bats
  3 giant cockroaches
  4 goblins
  2 hobgoblins
  A quokka (D:2)
  A frilled lizard (D:2)
  6 kobolds
  6 rats
38 creatures vanquished.

Vanquished Creatures (collateral kills)
  A centaur (D:3)
  A scorpion (D:2)
  An orc priest (D:3)
  An adder (D:2)
  3 orcs (D:3)
7 creatures vanquished.

Grand Total: 45 creatures vanquished

Notes
Turn   | Place    | Note
-------+----------+-------------------------------------------
     0 | D:1      | Amnesiac the Octopode Transmuter began the quest for the
                  | Orb.
     0 | D:1      | Reached XP level 1. HP: 13/13 MP: 3/3
   132 | D:1      | Reached XP level 2. HP: 18/18 MP: 5/5
   176 | D:1      | Learned a level 2 spell: Sticks to Snakes
   232 | D:1      | Reached XP level 3. HP: 20/23 MP: 6/6
   340 | D:1      | Learned a level 3 spell: Spider Form
   352 | D:2      | Found an iron altar of Okawaru.
   354 | D:2      | Found a sacrificial altar of Ru.
   681 | D:2      | Noticed a scorpion
   696 | D:2      | Killed a scorpion
   696 | D:2      | Reached XP level 4. HP: 25/28 MP: 2/7
   792 | D:2      | Found a hide-covered altar of Uskayaw.
  1133 | D:3      | Found a faded altar of an unknown god.
  1321 | D:3      | Noticed a centaur
  1334 | D:3      | Killed a centaur
  1334 | D:3      | Reached XP level 5. HP: 13/33 MP: 2/8
  1553 | D:3      | Killed from afar by an orc priest

Levels and vault maps discovered:
D:1:      psy_arrival_radial01, layout_loops_ring
D:2:      layout_rooms, nicolae_overflow_hidden_temple, lemuel_doored_altar
D:3:      layout_basic, chequers_ecumenical_altar_simple

Skill      XL: |  1  2  3  4 |
---------------+-------------+-----
Transmutations | 3 4 |  4.6
Unarmed Combat | 4 |  4.6
Fighting       | |  1.0
Dodging        | |  2.0
Spellcasting   | |  2.0

Action                   |  1- 3 |  4- 6 || total
-------------------------+-------+-------++-------
Melee: Mace              |    42 |    32 ||    74
       Constrict         |    13 |     5 ||    18
       Tentacles         |     5 |     3 ||     8
       Hand axe          |       |     4 ||     4
 Fire: Shortbow          |       |     3 ||     3
 Cast: Sticks to Snakes  |     3 |     4 ||     7
  Use: Potion            |     1 |     2 ||     3
       Scroll            |     5 |     1 ||     6
 Stab: Sleeping          |     1 |     3 ||     4
  Eat: Chunk             |       |     3 ||     3
Armor: Skin              |       |     7 ||     7
Dodge: Dodged            |    34 |    37 ||    71

Table legend:
 A = Non-vault XP
 B = Vault XP
 C = Vault XP percentage of total XP
 D = Non-vault monster count
 E = Vault monster count
 F = Vault count percentage of total count
                 A         B        C        D         E       F
            +---------+---------+-------+---------+---------+-------
      Total |     285 |       0 |   0.0 |      45 |       0 |   0.0
            +---------+---------+-------+---------+---------+-------
        D:1 |      41 |       0 |   0.0 |      13 |       0 |   0.0
        D:2 |      78 |       0 |   0.0 |      16 |       0 |   0.0
        D:3 |     166 |       0 |   0.0 |      16 |       0 |   0.0
            +---------+---------+-------+---------+---------+-------
